 Dungeon Crawl Stone Soup version 0.25-a0-24-g72dcfe0359 (webtiles) character file.

Game seed: 7619777431388134615, levelgen mode: deterministic

4 Dycilia the Digger (level 1, 6/14 HPs)
             Began as a Draconian Earth Elementalist on Oct 17, 2019.
             Quit the game on level 1 of the Dungeon.
             The game lasted 00:01:44 (88 turns).

Dycilia the Digger (Draconian Earth Elementalist)     Turns: 88, Time: 00:01:44

Health: 6/14       AC:  4    Str: 10    XL:     1   Next: 58%
Magic:  0/3        EV: 12    Int: 15    God:
Gold:   0          SH:  0    Dex: 11    Spells: 3/4 levels left

rFire    . . .     SeeInvis .   (no weapon)
rCold    . . .     Gourm    .   (no shield)
rNeg     . . .     Faith    .   (armour unavailable)
rPois    .         Spirit   .   (helmet restricted)
rElec    .         Reflect  .   (no cloak)
rCorr    .         Harm     .   (no gloves)
MR       .....                  (no boots)
Stlth    ++........             (no amulet)
HPRegen  0.04/turn              (no ring)
MPRegen  0.08/turn              (no ring)

@: very slightly contaminated
A: unfitting armour, cold-blooded, AC +4
a: no special abilities


You were on level 1 of the Dungeon.
You were not hungry.

You visited 1 branch of the dungeon, and saw 1 of its levels.

Inventory:

Missiles
 b - 22 stones (quivered)
Comestibles
 c - a ration


   Skills:
 + Level 1.9 Dodging
 - Level 1.7 Stealth
 + Level 2.1 Spellcasting
   Level 1.0 Transmutations
 + Level 3.1 Earth Magic


You had 3 spell levels left.
You knew the following spells:

 Your Spells              Type           Power        Failure   Level  Hunger
a - Sandblast             Erth           ##....       6%          1    #......

Your spell library contained the following spells:

 Spells                   Type           Power        Failure   Level  Hunger
 Passwall                 Tmut/Erth      #.......     14%         2    ###....
 Stone Arrow              Conj/Erth      #.....       34%         3    ###....
 Petrify                  Tmut/Erth      #.......     67%         4    #####..
 Lee's Rapid Deconstruct  Erth           ##........   86%         5    ######.


Dungeon Overview and Level Annotations

Branches:
Dungeon (1/15)

Altars:


Innate Abilities, Weirdness & Mutations

Your plain brown scales are hard. (AC +4)
You cannot fit into any form of body armour.
You are cold-blooded and may be slowed by cold attacks.


Message History

The blast of sand hits the giant cockroach.
The giant cockroach is almost dead.
b - 22 stones The giant cockroach bites you but does no damage.
The ball python bites you but does no damage.
The ball python closely misses you.
The giant cockroach completely misses you.
A kobold comes into view.
The ball python closely misses you. The ball python barely misses you.
The giant cockroach barely misses you. The ball python closely misses you.
The ball python grabs you. The ball python constricts you.
The ball python's grasp on you weakens, but your attempt to escape fails.
The giant cockroach closely misses you. The ball python misses you.
The ball python constricts you.
You escape the ball python's grasp.
The giant cockroach barely misses you. The giant cockroach misses you.
You hit the hobgoblin but do no damage. The goblin hits you but does no damage.
The hobgoblin closely misses you. The giant cockroach barely misses you.
The ball python closely misses you. x2
Are you sure you want to abandon this character and quit the game? (Confirm with "yes".)

.... #..?..8.. .....
#........ .....
#........ ......
#.......# ......
#.$......
......############......
#...g...†...........
#..Ss..)....).......
#..@g##'##..........
#.Kg##...##.....###.
#...#..<..#.....###.
#...##...##.....#...
#....##'##......#...
#...............#...
#...............#g..
#.......>.......#...
..##................


You could see a giant cockroach, a hobgoblin, 2 goblins, a ball python and a
kobold.

Vanquished Creatures
  A bat (D:1)
  A kobold (D:1)
  A frilled lizard (D:1)
  A goblin (D:1)
  A rat (D:1)
5 creatures vanquished.

Notes
Turn   | Place    | Note
-------+----------+-------------------------------------------
     0 | D:1      | Dycilia the Draconian Earth Elementalist began the quest
                  | for the Orb.
     0 | D:1      | Reached XP level 1. HP: 14/14 MP: 3/3
    88 | D:1      | Quit the game

Levels and vault maps discovered:
D:1:      dpeg_arrival_shelter, layout_basic, minmay_statues_item, st_stairs_14

Action                   || total
-------------------------++-------
Melee: Unarmed           ||     3
 Cast: Sandblast         ||     8
Armor: Skin              ||     7
Dodge: Dodged            ||    24

Table legend:
 A = Non-vault XP
 B = Vault XP
 C = Vault XP percentage of total XP
 D = Non-vault monster count
 E = Vault monster count
 F = Vault count percentage of total count
                 A         B        C        D         E       F
            +---------+---------+-------+---------+---------+-------
      Total |       7 |       0 |   0.0 |       5 |       0 |   0.0
            +---------+---------+-------+---------+---------+-------
        D:1 |       7 |       0 |   0.0 |       5 |       0 |   0.0
            +---------+---------+-------+---------+---------+-------
